 Dungeon Crawl Stone Soup version 0.28.0-53-g5a82cb258f (webtiles) character file.

Game seed: 7313837109377171406

22 Acheron the Magician (level 2, -2/21 HPs)
             Began as a Mummy Hedge Wizard on July 3, 2022.
             Slain by a hobgoblin (5 damage)
             ... on level 2 of the Dungeon.
             The game lasted 00:04:25 (1418 turns).

Acheron the Magician (Mummy Hedge Wizard)           Turns: 1418, Time: 00:04:26

Health: -2/21      AC:  2    Str: 13    XL:     2   Next: 68%
Magic:  7/7        EV: 12    Int: 13    God:
Gold:   10         SH:  0    Dex: 11    Spells: 8/10 levels left

rFire   x . .      SeeInvis .   d - +0 falchion
rCold   + . .      Faith    .   (no shield)
rNeg    + + +      Spirit   .   b - +0 robe
rPois   ∞          Reflect  .   c - +0 hat
rElec   .          Harm     .   (no cloak)
rCorr   .          Rampage  .   (no gloves)
Will    .....                   (no boots)
Stlth   ++........              (no amulet)
HPRegen 0.07/turn               (no ring)
MPRegen 0.10/turn               (no ring)

@: no status effects
A: cold resistance 1, negative energy resistance 3, torment resistance 2, heat
vulnerability 1, no potions
a: no special abilities


You were on level 2 of the Dungeon.
You visited 1 branch of the dungeon, and saw 2 of its levels.

You collected 10 gold pieces.

Inventory:

Hand Weapons
 a - a +0 dagger
 d - a +0 falchion (weapon)
Armour
 b - a +0 robe (worn)
 c - a +0 hat (worn)
 h - a +0 scale mail
Scrolls
 e - a scroll of identify {unknown}
 f - a scroll of blinking {unknown}
 g - a scroll of teleportation {unknown}
 i - a scroll of magic mapping {unknown}


   Skills:
 * Level 1.0 Fighting
 * Level 1.7 Dodging
 * Level 1.7 Stealth
 + Level 4.5 Spellcasting
 * Level 1.0 Conjurations
 + Level 0.7 Summonings
 + Level 0.7 Translocations


You had 8 spell levels left.
You knew the following spells:

 Your Spells              Type           Power      Damage    Failure   Level
a - Magic Dart            Conj           20%        1d4       13%         1
b - Slow                  Hex            8%         N/A       21%         1

Your spell library contained the following spells:

 Spells                   Type           Power      Damage    Failure   Level
 Blink                    Tloc           8%         N/A       22%         2
 Call Imp                 Summ           4%         N/A       22%         2
 Conjure Flame            Conj/Fire      4%         6-21      43%         3
 Mephitic Cloud           Conj/Pois/Air  3%         N/A       45%         3


Dungeon Overview and Level Annotations

Branches:
Dungeon (2/15)

Altars:


Innate Abilities, Weirdness & Mutations

You are immune to poison.
Your flesh is cold resistant. (rC+)
You are immune to negative energy. (rN+++)
You are immune to unholy pain and torment.
You are vulnerable to heat. (rF-)
You do not drink.


Message History

The worm bites your kobold.
Your kobold hits the worm with a +0 whip.
The worm completely misses your kobold.
Your kobold hits the worm with a +0 whip.
Your kobold hits the worm with a +0 whip.
Your dart slug bites the worm.
The worm bites your kobold.
Your kobold dies!
Your kobold's corpse dissolves into shadows!
Your dart slug barely misses the worm.
You barely miss the worm.
The worm is severely wounded.
The worm bites you!
You hit the worm.
The worm is severely wounded.
Your dart slug barely misses the worm.
The worm bites you!
* * * LOW HITPOINT WARNING * * *
You barely miss the worm.
The worm is severely wounded.
Your dart slug launches a dart at the worm.
The slug dart hits the worm.
You hit the worm but do no damage.
The worm is almost dead.
Your dart slug launches a dart at the worm.
The slug dart hits the worm.
The worm bites your dart slug!
Your dart slug dies!
Your dart slug's corpse dissolves into shadows!
You hit the worm.
You kill the worm!
Your Fighting skill increases to level 1!
You see here a smoky cyan potion.
Found a stone staircase leading down.
Found a scroll labelled RUIXKI FOSAO.
A hobgoblin comes into view.
The hobgoblin shouts!
You barely miss the hobgoblin. The hobgoblin hits you.
* * * LOW HITPOINT WARNING * * *
You barely miss the hobgoblin. The hobgoblin hits you.
* * * LOW HITPOINT WARNING * * *
The hobgoblin hits you.
You die...

#...... #......
#...... #......
#....?. #
#......##### .#
#.......# #.# #...@g#
... #.....###.#.#..
#........>.....
#.......#.###.
##....#.#.# #. .#.##.
#....#.#.# .......#.
#....#.#.# #.#.#..#.
#....#.#.# #.#.##.#.
##....#.#.#.#.#.##...


You could see a hobgoblin.

Vanquished Creatures
  An adder (D:2)
  A worm (D:2)
  A ball python (D:1)
  A giant cockroach (D:2)
  A hobgoblin (D:1)
  A kobold (D:1)
  A quokka (D:2)
  2 bats (D:1)
  A rat (D:1)
10 creatures vanquished.

Notes
Turn   | Place    | Note
-------+----------+-------------------------------------------
     0 | D:1      | Acheron the Mummy Hedge Wizard began the quest for the Orb.
     0 | D:1      | Reached XP level 1. HP: 13/13 MP: 5/5
    30 | D:1      | Learned a level 1 spell: Slow
  1022 | D:2      | Reached skill level 1 in Conjurations
  1022 | D:2      | Reached XP level 2. HP: 4/20 MP: 7/7
  1406 | D:2      | Reached skill level 1 in Fighting
  1418 | D:2      | Slain by a hobgoblin

Illustrated notes

Levels and vault maps discovered:
D:1:      grunt_arrival_lava_bath, layout_rooms, serial_corexii_hall,
          chequers_hall_statues_y, corexii_hall_statues_x
D:2:      layout_basic

Skill      XL: |  1  2 |
---------------+-------+-----
Conjurations   | 1 |  1.0
Fighting       | 1 |  1.0
Dodging        | |  1.7
Stealth        | |  1.7
Spellcasting   | |  4.5
Summonings     | |  0.7
Translocations | |  0.7

Action                   || total
-------------------------++-------
Melee: Falchion          ||    33
       Dagger            ||    13
       Punch             ||     1
 Cast: Magic Dart        ||    10
  Use: Scroll            ||     1
Armor: Robe              ||     5
Dodge: Dodged            ||    31
